 Dungeon Crawl Stone Soup version 0.28.0-47-ge53b351184 (webtiles) character file.

Game seed: 2353106675976985821

222044 pkoi the Zephyrmancer (level 17, -8/133 HPs)
             Began as a Demigod Air Elementalist on May 5, 2022.
             Blown up by an orb spider (66 damage)
             ... with an orb of destruction
             ... on level 4 of the Spider Nest.
             The game lasted 01:59:09 (62568 turns).

pkoi the Zephyrmancer (Demigod Air Elementalist)   Turns: 62568, Time: 01:59:10

Health: -8/133     AC: 17    Str: 12 (13) XL:     17   Next: 88%
Magic:  0/48       EV: 22    Int: 27 (33) God:
Gold:   3425       SH:  0    Dex: 12 (14) Spells: 3/41 levels left

rFire   . . .      SeeInvis .     - Unarmed
rCold   . . .      Faith    .   (shield currently unavailable)
rNeg    . . .      Spirit   .   (armour currently unavailable)
rPois   ∞          Reflect  .   (helmet currently unavailable)
rElec   +          Harm     .   (cloak currently unavailable)
rCorr   .          Rampage  .   (gloves currently unavailable)
Will    ++...                   (boots currently unavailable)
Stlth   ++........              c - amulet of regeneration
HPRegen 1.12/turn               x - ring of willpower
MPRegen 0.31/turn               h - ring of magical power

@: storm-form, flying
A: cleaving, flying, high MP 1, forlorn, divine attributes
}: 1/15 runes: barnacled
a: Blinkbolt, End Transformation


You were on level 4 of the Spider Nest.
You were a lightning-filled tempest!
You visited 7 branches of the dungeon, and saw 34 of its levels.
You also visited: Volcano.

You collected 4763 gold pieces.
You spent 1338 gold pieces at shops.

Inventory:

Hand Weapons
 t - the +4 falchion "Jaevuihe" {vorpal, rN+ Str+2 Int+2 Stlth+}
   (You found it on level 7 of the Dungeon)

   It inflicts extra damage upon your enemies.
   Str:       It affects your strength (+2).
   Int:       It affects your intelligence (+2).
   rN:        It protects you from negative energy.
   Stlth:     It makes you more stealthy.
 K - a +10 dagger
 P - a +5 spear of venom
Missiles
 i - 53 poisoned darts
 o - 4 curare-tipped darts
 A - 4 throwing nets
Armour
 e - a +1 cloak (melded)
 q - a +2 leather armour of fire resistance (melded)
 G - a +0 pair of gloves (melded)
 V - the -2 hat of the Alchemist (melded) {rElec rPois rF+ rC+ rN+ Will+ rMut rCorr}
   (You found it on level 2 of the Orcish Mines)

   rF:        It protects you from fire.
   rC:        It protects you from cold.
   rElec:     It insulates you from electricity.
   rPois:     It protects you from poison.
   rN:        It protects you from negative energy.
   rCorr:     It protects you from acid and corrosion.
   rMut:      It protects you from mutation.
   Will:      It increases your willpower.
 X - a +2 pair of boots (melded)
 Y - the +8 scale mail of the Pleiades {rN+}
   (You found it on level 4 of the Shoals)

   rN:        It protects you from negative energy.
Magical Staves
 w - a staff of conjuration
Jewellery
 c - an amulet of regeneration (around neck)
 h - a ring of magical power (right fist)
 l - an amulet of the acrobat
 m - a ring of protection from fire
 x - a ring of willpower (left fist)
 D - a ring of flight
 U - a ring of resist corrosion
Wands
 r - a wand of flame (63)
 u - a wand of iceblast (42)
 C - a wand of acid (10)
 H - a wand of digging (8)
 I - a wand of charming (11)
 J - a wand of polymorph (4)
 T - a wand of paralysis (5)
Scrolls
 k - 8 scrolls of amnesia
 p - 6 scrolls of blinking
 s - 8 scrolls of identify
 v - 6 scrolls of teleportation
 y - 2 scrolls of fog
 E - a scroll of holy word
 F - 5 scrolls of enchant weapon
 O - 3 scrolls of enchant armour
 Q - 2 scrolls of immolation
 R - a scroll of fear
 S - a scroll of summoning
Potions
 a - 6 potions of brilliance
 b - 5 potions of might
 d - 12 potions of curing
 f - 3 potions of cancellation
 g - 7 potions of lignification
 j - 5 potions of haste
 n - 4 potions of heal wounds
 z - 5 potions of flight
 B - 4 potions of invisibility
 L - a potion of berserk rage
 M - 14 potions of ambrosia
 N - 4 potions of resistance
 W - a potion of magic


   Skills:
 + Level 7.6 Fighting
 - Level 6.0 Armour
 - Level 9.0 Dodging
 - Level 1.7 Stealth
 * Level 12.4 Unarmed Combat
 + Level 12.7 Spellcasting
 - Level 7.8 Conjurations
 - Level 3.0 Hexes
 + Level 6.0 Translocations
 + Level 12.3 Transmutations
 - Level 3.0 Fire Magic
 - Level 6.0 Ice Magic
 + Level 13.6 Air Magic
 - Level 5.0 Poison Magic
 - Level 6.0 Evocations


You had 3 spell levels left.
You knew the following spells:

 Your Spells              Type           Power      Damage    Failure   Level
a - Storm Form            Tmut/Air       36%        N/A       14%         7
c - Swiftness             Air            74%        N/A       1%          3
d - Airstrike             Air            37%        N/A       1%          4
e - Blink                 Tloc           98%        N/A       1%          2
f - Freezing Cloud        Conj/Ice/Air   30%        6-21      1%          5
g - Irradiate             Conj/Tmut      32%        3d24      1%          5
h - Ignite Poison         Fire/Tmut/Pois 52%        N/A       1%          3
i - Poisonous Vapours     Pois/Air       100%       N/A       1%          2
j - Inner Flame           Hex/Fire       33%        N/A       2%          3
k - Olgreb's Toxic Radia  Pois           44%        N/A       4%          4

Your spell library contained the following spells:

 Spells                   Type           Power      Damage    Failure   Level
 Foxfire                  Conj/Fire      100%       2x1d9     1%          1
 Shock                    Conj/Air       100%       1d9       1%          1
 Sting                    Tmut/Pois      100%       1d8       1%          1
 Corpse Rot               Necr/Air       100%       N/A       1%          2
 Ensorcelled Hibernation  Hex/Ice        82%        N/A       1%          2
 Passwall                 Tmut/Erth      41%        N/A       1%          2
 Static Discharge         Conj/Air       66%        N/A       1%          2
 Conjure Flame            Conj/Fire      46%        6-21      1%          3
 Dazzling Flash           Conj/Hex       92%        N/A       1%          3
 Lesser Beckoning         Tloc           49%        N/A       1%          3
 Mephitic Cloud           Conj/Pois/Air  59%        N/A       1%          3
 Confusing Touch          Hex            33%        N/A       2%          3
 Sandblast                Erth           34%        2d9       3%          1
 Summon Small Mammal      Summ           68%        N/A       3%          1
 Sublimation of Blood     Necr           17%        N/A       4%          2
 Summon Guardian Golem    Hex/Summ       25%        N/A       5%          3
 Call Canine Familiar     Summ           17%        N/A       10%         3
 Hailstorm                Conj/Ice       53%        3d12      1%          4
 Ice Form                 Ice/Tmut       61%        N/A       1%          4
 Summon Lightning Spire   Summ/Air       52%        N/A       1%          4
 Blade Hands              Tmut           35%        N/A       1%          5
 Lightning Bolt           Conj/Air       33%        1d50      1%          5
 Petrify                  Tmut/Erth      50%        N/A       2%          4
 Flame Wave               Conj/Fire      46%        2d10      3%          4
 Silence                  Hex/Air        29%        N/A       3%          5
 Yara's Violent Unravell  Hex/Tmut       27%        3d12      3%          5
 Manifold Assault         Tloc           49%        N/A       8%          5
 Cause Fear               Hex            16%        N/A       10%         4
 Leda's Liquefaction      Hex/Erth       12%        N/A       17%         4
 Dragon Form              Tmut           35%        N/A       17%         7
 Animate Armour           Summ/Erth      34%        N/A       32%         4
 Animate Dead             Necr           8%         N/A       32%         4
 Dispel Undead            Necr           17%        3d10      32%         4
 Maxwell's Capacitive Co  Air            37%        ∞         63%         8
 Agony                    Necr           17%        N/A       65%         5
 Iron Shot                Conj/Erth      19%        9d4       69%         6
 Simulacrum               Ice/Necr       16%        N/A       82%         6
 Death Channel            Necr           8%         N/A       99%         6
 Enfeeble                 Hex            16%        N/A       100%        7
 Haunt                    Necr/Summ      8%         N/A       100%        7
 Discord                  Hex            16%        N/A       100%        8
 Infestation              Necr           8%         N/A       100%        8
 Lehudib's Crystal Spear  Conj/Erth      19%        10d6      100%        8


Dungeon Overview and Level Annotations

Branches:
Dungeon (15/15)            Temple (1/1) D:7            Lair (5/6) D:8
 Shoals (4/4) Lair:3       Spider (4/4) Lair:4        Slime (0/5) Lair:5
    Orc (2/2) D:11            Elf (3/3) Orc:2        Vaults (0/5) D:13
 Depths (0/4) D:15        Volcano (visited)

Shops:
D:14 *   Orc:2 (*?*   Elf:1 (   Elf:2 =   Elf:3 ::*   Shoals:3 (

Annotations:
Elf:1 7 runed translucent doors, Fuonemn's ghost, veteran DDBe
Elf:2 3 runed translucent doors
Elf:3 2 transporters, Soldner's ghost, adept MiBe


Innate Abilities, Weirdness & Mutations

You are a lightning-filled tempest!
Your electrical attacks strike out in all directions at once.
You are incredibly evasive.
You are flying.
You are immune to poison.
Your armour is entirely melded.
You are incapable of wielding weapons or throwing items.
You have an increased reservoir of magic. (+10% MP)
You shall have no god before yourself.
Your divine heritage dramatically boosts your attributes as you level up.


Message History

You kill the emperor scorpion!
A tarantella comes into view.
The jumping spider barely misses you.
The jumping spider bites you but does no damage.
You feel your dexterity returning.
You blast the jumping spider!!!
You kill the jumping spider!
Unknown command.
The orb spider begins to weave its threads into a brightly glowing ball.
Casting: Storm Form (dangerous; 14% risk of failure)
Confirm with . or Enter, or press ? or * to list all spells.
Aiming: Poisonous Vapours (safe; 1% risk of failure)
Press: ? - help, Dir - move target, f - tarantella
Aim: a tarantella Poisonous vapours surround the tarantella!
The tarantella looks as sick as possible!
The tarantella closely misses you.
Unknown command.
Casting: Poisonous Vapours (safe; 1% risk of failure)
Confirm with . or Enter, or press ? or * to list all spells.
You ignite the poison in your surroundings!
The tarantella seems to burn from within!!!
You kill the tarantella!
The orb spider weaves a glowing orb of energy.
An orb of destruction comes into view.
Casting: Ignite Poison (safe; 1% risk of failure)
Confirm with . or Enter, or press ? or * to list all spells.
Aiming: Poisonous Vapours (safe; 1% risk of failure)
Press: ? - help, Dir - move target, f - orb spider
Aim: an orb spider Poisonous vapours surround the orb spider!
The orb spider looks as sick as possible!
Unknown command.
Casting: Poisonous Vapours (safe; 1% risk of failure)
Confirm with . or Enter, or press ? or * to list all spells.
You ignite the poison in your surroundings!
The orb spider seems to burn from within!!!
You kill the orb spider!
The orb of destruction hits you!!!
You die...

.....# ....^ #.... #s..
##s.### #####...#.######
#..^.^†##......#########
#.○☼○☼v.....#.....#
#.†..#..#........#
#.#..#..#.#...#...#
###..#..###.^### .
#..#...#...^<#
##.#(..#.#...##
####..###....# ####
#..### ##...##


There were no monsters in sight!

Vanquished Creatures
  A deep elf master archer (Elf:3)
  Kirke (D:15)
  A kraken (Shoals:3)
  Ilsuiw (Shoals:3)
  A frost giant (Shoals:4)
  An emperor scorpion (Spider:4)
  Louise (Spider:3)
  3 ghost moths
  2 deep elf sorcerers (Elf:3)
  3 deep elf elementalists (Elf:3)
  2 broodmothers
  Nessos (Orc:2)
  An entropy weaver (Spider:1)
  6 deep elf demonologists
  6 deep elf annihilators
  The ghost of AlmostDecent the Severer, a journeyman FoFi of the Shining One (Orc:2)
  A spark wasp (Spider:1)
  2 deep elf death magi (Elf:3)
  13 merfolk javelineers
  A fire dragon (Volcano)
  15 merfolk impalers
  4 deep elf high priests (Elf:3)
  8 vault guards (D:13)
  A hydra (D:14)
  6 merfolk avatars
  A rakshasa (D:15)
  A catoblepas (Lair:3)
  An ogre mage (D:15)
  3 centaur warriors
  4 boulder beetles
  A merfolk aquamancer (Shoals:4)
  2 radroaches (Spider:1)
  An alligator snapping turtle (Shoals:4)
  3 satyrs
  A death scarab (Spider:3)
  8 two-headed ogres
  12 dancing weapons
  2 death knights
  4 orc high priests
  2 tengu warriors (D:14)
  5 death yaks (Lair:3)
  13 deep elf knights
  12 sea snakes
  6 skeletal warriors
  3 steelbarb worms
  A lindwurm (Volcano)
  3 bog bodies (Shoals:4)
  A wizard (D:15)
  5 deep elf archers
  8 orb spiders
  15 harpies
  6 orc knights
  Pikel (D:5)
  A necromancer (D:15)
  11 wolf spiders
  14 deep elf pyromancers
  16 deep elf zephyrmancers
  28 ugly things
  5 orc sorcerers
  9 fauns
  A moth of wrath (Spider:3)
  24 manticores
  6 cyclopes
  15 merfolk sirens
  A black mamba (Lair:5)
  Joseph (D:9)
  A water nymph (Shoals:3)
  2 molten gargoyles (Volcano)
  2 naga magi (D:15)
  Maggie (D:9)
  2 gargoyles
  2 torpor snails
  An unseen horror (D:12)
  9 cane toads
  3 demonic crawlers (Spider:1)
  4 rime drakes
  7 komodo dragons
  2 efreet (D:15)
  12 meliai
  A queen bee (D:12)
  A polar bear (shapeshifter) (D:14)
  24 merfolk
  7 trolls
  A blink frog (Lair:5)
  2 hornets (D:11)
  15 tarantellas
  7 wind drakes
  A dream sheep (Lair:5)
  15 slime creatures
  16 snapping turtles
  14 jumping spiders
  An air elemental (Elf:3)
  A centaur simulacrum (D:15)
  14 culicivoras
  2 shadows (D:11)
  2 wraiths (D:13)
  A basilisk (Lair:2)
  3 hogs (D:15)
  A fire elemental (Elf:1)
  4 fire bats (Volcano)
  5 water elementals
  2 wyverns
  40 yaks
  A golden eye (shapeshifter) (D:13)
  A human (D:15)
  Grum (D:9)
  28 redbacks
  3 steam dragons
  5 vampire mosquitoes
  A redback simulacrum (D:15)
  3 wargs
  15 water moccasins
  3 acid dragons
  2 hell hounds (Volcano)
  2 sky beasts
  An ice beast (D:7)
  22 orc warriors
  A black bear (Lair:2)
  A hornet zombie (D:7)
  4 wolves (D:9)
  4 ogres
  A phantom (D:7)
  2 centaurs
  3 lemures (D:5)
  A kobold brigand (D:9)
  2 wyvern zombies
  5 bullfrogs
  A scorpion (D:4)
  An earth elemental (Elf:1)
  A wyvern skeleton (D:5)
  3 water moccasin skeletons
  37 killer bees
  3 howler monkeys (D:13)
  8 lava snakes (Volcano)
  4 centaur zombies
  2 hounds (D:6)
  A bullfrog zombie (D:5)
  2 bullfrog skeletons
  2 centaur skeletons
  15 orc priests
  2 jellies
  4 iguanas
  16 orc wizards
  A hound skeleton (D:4)
  A howler monkey zombie (D:6)
  8 gnolls
  5 adders
  A howler monkey skeleton (D:4)
  A shadow imp (D:6)
  5 worms
  2 dart slugs
  55 orcs
  7 ball pythons
  2 bat zombies (D:4)
  9 endoplasms
  2 giant cockroaches (D:1)
  6 goblins
  9 hobgoblins
  3 jackals (D:4)
  A quokka (D:1)
  3 bats
  2 frilled lizards (D:2)
  12 kobolds
  6 rats
  A rat zombie (D:4)
  A bush (Lair:3)
  A butterfly (Lair:2)
  3 tentacles (Shoals:3)
929 creatures vanquished.

Vanquished Creatures (others)
  An orc wizard (D:4)
  An orc (Orc:2)
  12 fungi
  44 plants
  A tentacle (Shoals:3)
  2 withered plants (Orc:2)
61 creatures vanquished.

Grand Total: 990 creatures vanquished

Notes
Turn   | Place    | Note
-------+----------+-------------------------------------------
     0 | D:1      | pkoi the Demigod Air Elementalist began the quest for the
                  | Orb.
     0 | D:1      | Reached XP level 1. HP: 14/14 MP: 5/5
    91 | D:1      | Reached skill level 3 in Air Magic
   559 | D:1      | Reached XP level 2. HP: 20/20 MP: 5/7
   586 | D:1      | Reached skill level 1 in Conjurations
  1184 | D:1      | Learned a level 2 spell: Static Discharge
  1745 | D:2      | Reached XP level 3. HP: 26/26 MP: 8/8
  2106 | D:2      | Reached skill level 4 in Air Magic
  2560 | D:3      | Identified the +0 robe of Loexem {+Inv rElec Will- Int+6}
  3063 | D:3      | Reached XP level 4. HP: 33/33 MP: 9/9
  3426 | D:4      | Learned a level 3 spell: Swiftness
  3652 | D:4      | Reached XP level 5. HP: 39/39 MP: 10/10
  3736 | D:4      | Reached skill level 1 in Fighting
  3884 | D:4      | Noticed a steam dragon
  3895 | D:4      | Reached skill level 5 in Air Magic
  3992 | D:4      | Reached XP level 6. HP: 47/47 MP: 9/12
  4580 | D:4      | Learned a level 4 spell: Airstrike
  4617 | D:5      | Entered Level 5 of the Dungeon
  5067 | D:5      | Noticed Pikel
  5687 | D:5      | Reached XP level 7. HP: 29/56 MP: 14/14
  6107 | D:5      | Reached skill level 6 in Air Magic
  6116 | D:5      | Killed Pikel
  6133 | D:5      | Reached skill level 7 in Air Magic
  6133 | D:5      | Reached XP level 8. HP: 56/63 MP: 3/17
  6311 | D:5      | Learned a level 2 spell: Blink
  6643 | D:5      | Reached skill level 1 in Armour
  6863 | D:6      | Reached skill level 1 in Translocations
  7507 | D:6      | Reached skill level 8 in Air Magic
  8168 | D:7      | Reached XP level 9. HP: 72/72 MP: 18/18
  8616 | D:7      | Found a staircase to the Ecumenical Temple.
  9095 | D:7      | Reached skill level 5 in Fighting
  9477 | D:7      | Identified the +4 falchion "Jaevuihe" {vorpal, rN+ Str+2
                  | Int+2 Stlth+}
  9702 | Temple   | Entered the Ecumenical Temple
 10420 | D:8      | Noticed a boulder beetle
 10973 | D:8      | Found a staircase to the Lair.
 12297 | D:9      | Noticed Joseph
 12302 | D:9      | Killed Joseph
 12438 | D:9      | Reached skill level 9 in Air Magic
 12505 | D:9      | Noticed Maggie
 12516 | D:9      | Killed Maggie
 12517 | D:9      | Reached XP level 10. HP: 56/83 MP: 9/20
 12542 | D:9      | Noticed Grum
 12755 | D:9      | Killed Grum
 13593 | D:9      | Reached skill level 5 in Dodging
 13910 | Lair:1   | Entered Level 1 of the Lair of Beasts
 13915 | Lair:1   | Reached skill level 5 in Spellcasting
 14091 | Lair:1   | Learned a level 5 spell: Freezing Cloud
 14377 | Lair:1   | Reached skill level 5 in Translocations
 14378 | Lair:1   | Reached skill level 1 in Ice Magic
 14379 | Lair:1   | Reached skill level 5 in Conjurations
 15364 | Lair:2   | Reached XP level 11. HP: 89/89 MP: 2/23
 16153 | Lair:2   | Reached skill level 10 in Air Magic
 16658 | Lair:2   | Learned a level 5 spell: Irradiate
 16908 | Lair:3   | Noticed a catoblepas
 16916 | Lair:3   | Killed a catoblepas
 16917 | Lair:3   | Reached skill level 1 in Transmutations
 16958 | Lair:3   | Found a dark tunnel.
 16965 | Volcano  | Entered a volcano
 17554 | Volcano  | Noticed a lindwurm
 17560 | Volcano  | Killed a lindwurm
 17931 | Volcano  | Noticed a fire dragon
 17938 | Volcano  | Killed a fire dragon
 18917 | Lair:3   | Reached XP level 12. HP: 97/97 MP: 26/26
 19099 | Lair:3   | Found a staircase to the Shoals.
 19131 | Lair:3   | Reached skill level 1 in Unarmed Combat
 20432 | Lair:4   | Reached skill level 5 in Ice Magic
 20961 | Lair:4   | Found a hole to the Spider Nest.
 21038 | Lair:5   | Found a staircase to the Slime Pits.
 21989 | Lair:5   | Noticed a boulder beetle
 22001 | Lair:5   | Noticed a boulder beetle
 22291 | Lair:1   | Learned a level 3 spell: Ignite Poison
 22424 | D:10     | Entered Level 10 of the Dungeon
 23356 | D:10     | Found a runed translucent door.
 24716 | D:11     | Noticed a boulder beetle
 24722 | D:11     | Killed a boulder beetle
 25322 | D:11     | Found a staircase to the Orcish Mines.
 25571 | D:11     | Identified the +0 ring mail "Feneci" {Harm rF- Int+3}
 25681 | D:11     | Learned a level 2 spell: Poisonous Vapours
 25893 | D:12     | Reached skill level 1 in Poison Magic
 26749 | D:12     | Reached XP level 13. HP: 104/104 MP: 24/30
 27641 | D:13     | Found a gate to the Vaults.
 27913 | D:13     | Reached skill level 10 in Spellcasting
 28926 | D:12     | Learned a level 3 spell: Inner Flame
 29433 | Shoals:1 | Entered Level 1 of the Shoals
 29599 | Shoals:1 | Identified the +8 falchion "Iridwo" {vorpal, Str+2}
 29793 | Shoals:1 | Reached skill level 11 in Air Magic
 29812 | Shoals:1 | Reached skill level 1 in Hexes
 29812 | Shoals:1 | Reached skill level 1 in Fire Magic
 30125 | Shoals:1 | You fall into a shaft and drop 1 floor!
 30929 | Shoals:1 | Reached skill level 5 in Armour
 30933 | Shoals:1 | Reached XP level 14. HP: 88/113 MP: 15/33
 32028 | Shoals:2 | Reached skill level 5 in Transmutations
 33604 | Shoals:3 | Noticed a kraken
 33611 | Shoals:3 | Killed a kraken
 34566 | Shoals:3 | Reached skill level 12 in Air Magic
 34763 | Shoals:3 | Noticed Ilsuiw
 34770 | Shoals:3 | Killed Ilsuiw
 35712 | Shoals:3 | Found Sujaatz's Weapon Emporium.
 36608 | Orc:1    | Entered Level 1 of the Orcish Mines
 36647 | Orc:1    | You fall into a shaft and drop 1 floor!
 36647 | Orc:2    | Entered Level 2 of the Orcish Mines
 36647 | Orc:2    | Found a staircase to the Elven Halls.
 36663 | Orc:2    | Learned a level 4 spell: Olgreb's Toxic Radiance
 36934 | Orc:2    | Reached XP level 15. HP: 118/118 MP: 35/35
 36996 | Orc:2    | Noticed Nessos
 37000 | Orc:2    | Killed Nessos
 37863 | Orc:2    | Found a runed translucent door.
 37865 | Orc:2    | Noticed AlmostDecent's ghost (journeyman FoFi)
 37869 | Orc:2    | Found the -2 hat of the Alchemist {rElec rPois rF+ rC+ rN+
                  | Will+ rMut rCorr}
 38115 | Orc:2    | Reached skill level 5 in Unarmed Combat
 38255 | Orc:2    | Found Dean's Assorted Antiques.
 38255 | Orc:2    | Found Copaph's Antique Weapon Boutique.
 38258 | Orc:2    | Found Ciyger's Magic Scroll Boutique.
 38258 | Orc:2    | Found Cidimaw's General Store.
 38276 | Orc:2    | Bought a scroll of summoning for 133 gold pieces
 38283 | Orc:2    | Bought a runed scarf for 288 gold pieces
 38283 | Orc:2    | Bought a shiny marble ring for 180 gold pieces
 38286 | Orc:2    | Bought a wooden wand for 144 gold pieces
 38540 | Orc:2    | Killed AlmostDecent's ghost
 38898 | Spider:1 | Entered Level 1 of the Spider Nest
 39839 | Spider:1 | Reached skill level 5 in Poison Magic
 39879 | Spider:1 | Reached skill level 1 in Evocations
 43403 | D:13     | Got Fuonedit's Guide on the Mountains
 44885 | D:14     | Found Gyraec's General Store.
 44892 | D:14     | Bought a potion of degeneration for 14 gold pieces
 44892 | D:14     | Bought 3 scrolls of teleportation for 126 gold pieces
 45595 | D:14     | Reached XP level 16. HP: 126/126 MP: 33/37
 46512 | Elf:1    | Entered Level 1 of the Elven Halls
 46516 | Elf:1    | Reached skill level 5 in Evocations
 46879 | Elf:1    | Found a runed translucent door.
 46879 | Elf:1    | Noticed Fuonemn's ghost (veteran DDBe)
 47288 | Elf:1    | Found Giuhaam's Antique Weapon Shop.
 47295 | Elf:1    | Bought an iridescent scimitar for 324 gold pieces
 47295 | Elf:1    | Identified the +9 scimitar of Ytzuizag {vorpal, Dex+7} (You
                  | bought it in a shop on level 1 of the Elven Halls)
 47344 | Elf:1    | Identified the +1 robe of the Distant Future {rElec}
 48020 | Elf:1    | Found a runed translucent gate.
 48020 | Elf:1    | Found a runed translucent gate.
 48020 | Elf:1    | Found a runed translucent gate.
 48020 | Elf:1    | Found a runed translucent gate.
 48020 | Elf:1    | Found a runed translucent gate.
 48021 | Elf:1    | Found a runed translucent gate.
 48272 | Elf:2    | Reached skill level 10 in Transmutations
 48368 | Elf:2    | Found Goumabbi's Jewellery Shop.
 48429 | Elf:2    | Identified the +1 leather armour of Heresy {rElec rF+++
                  | Int-2 Stlth-}
 48521 | Elf:2    | Found a runed translucent gate.
 48521 | Elf:2    | Found a runed translucent gate.
 48521 | Elf:2    | Found a runed translucent gate.
 49330 | Elf:3    | Entered Level 3 of the Elven Halls
 49875 | Elf:3    | Found a transporter.
 49905 | Elf:3    | Noticed Soldner's ghost (adept MiBe)
 49914 | Elf:3    | Identified the +5 hunting sling "Qiohion" {freeze, rN+
                  | Dex+3 Stlth+}
 50106 | Elf:3    | Paralysed by an air elemental for 1 turns
 50394 | Elf:3    | Found Byef Qei's Book Emporium.
 50396 | Elf:3    | Found Anof Wut's Book Shoppe.
 50399 | Elf:3    | Found Pusteppa's Assorted Antiques.
 50406 | Elf:3    | Bought a black potion for 19 gold pieces
 50406 | Elf:3    | Bought a dented bone amulet for 110 gold pieces
 51187 | Elf:3    | Found a transporter.
 51289 | Elf:3    | Identified the +4 quarterstaff of Hard Scrabble {vamp,
                  | rPois rF- Str+4}
 51289 | Elf:3    | Identified the ring "Qeonav" {Fly rF++ rC- Str+4 Dex+6}
 51393 | Elf:3    | Noticed a deep elf master archer
 51395 | Elf:3    | Killed a deep elf master archer
 51506 | Elf:3    | Reached skill level 10 in Unarmed Combat
 52614 | Elf:3    | Identified the ring of the Thistle {Wiz rElec}
 53039 | D:15     | Entered Level 15 of the Dungeon
 53508 | D:15     | Reached XP level 17. HP: 124/132 MP: 31/38
 54547 | D:15     | Learned a level 7 spell: Storm Form
 55175 | D:15     | Noticed Kirke
 55182 | D:15     | Killed Kirke
 55723 | D:15     | Found a staircase to the Depths.
 57580 | Shoals:4 | Entered Level 4 of the Shoals
 57678 | Shoals:4 | Reached skill level 13 in Air Magic
 57941 | Shoals:4 | Identified the +0 plate armour of Oroniugg {+Blink}
 58358 | Shoals:4 | Got a barnacled rune of Zot
 58646 | Shoals:4 | Identified the +2 leather armour of Xeiqo {+Blink rPois}
 59894 | Shoals:4 | Identified the +8 scale mail of the Pleiades {rN+}
 61611 | Spider:3 | Noticed Louise
 61620 | Spider:3 | Killed Louise
 62506 | Spider:4 | Entered Level 4 of the Spider Nest
 62568 | Spider:4 | Blown up by an orb spider

Illustrated notes

Levels and vault maps discovered:
D:1:      co_arrival_square_in_a_square_in_a_square, layout_basic
D:2:      layout_basic
D:3:      layout_basic, basic_ecumenical_altar
D:4:      layout_rooms, lemuel_zombie_altar_kikubaaqudgha,
          evilmike_ruin_ashenzari
D:5:      layout_layer_cave, uniq_pikel
D:6:      layout_gridville, kennysheep_mini, makhleb_heckhound_becter
D:7:      nicolae_cairo_tiling_large, layout_loops_cross,
          minmay_temple_entry_mist
D:8:      layout_basic, nemelex_spade_bored_becter, lair_entry_dummy
D:9:      layout_stronghold, nicolae_dithmenos_shadow_blocks,
          serial_column_ruins, column_ruins_temple_hall, column_ruins_hut,
          column_ruins_open_small_water, column_ruins_grid_2,
          column_ruins_columns_T, uniq_maggie, uniq_grum, uniq_joseph
D:10:     layout_irregular_city, chequers_garden, lightli_church_of_beogh
D:11:     layout_layer_cave, orc_0_dummy
D:12:     layout_basic, special_room [special_room_bee]
D:13:     layout_loops_ring, erik_vaults_2
D:14:     layout_long_grid, serial_shops, shop, zin_scriptorium
D:15:     grunt_enter_depths_magical_seal, layout_layer_cave, serial_glass,
          glass_columns_a, glass_columns_b, feat_on_display,
          minmay_strange_pillars, uniq_kirke
Temple:   eino_temple_scatter_basement
Lair:1:   layout_cave_shapes, st_stairs_13, grunt_megastairs_1
Lair:2:   layout_big_grid, lemuel_fruit_fields, infiniplex_staircase_pool
Lair:3:   layout_chaotic_city, elwin_shoals_entry_rocks, enter_volcano_4
Lair:4:   layout_loops_ring, spider_nest_entry_funnel_web
Lair:5:   nzn_winding_woodlands_small [nzn_winding_woodlands_5x15_cabin,
          nzn_winding_woodlands_center_triple_pond,
          nzn_winding_woodlands_5x15_longhouse], layout_layer_cave,
          slime_altar_1, serial_bayou_crossing
Shoals:1: layout_shoals, nicolae_shoals_pincushion_passage
Shoals:2: layout_shoals, nicolae_shoals_hunting_party
Shoals:3: layout_shoals, serial_shops, nicolae_shop_bloodbath_and_beyond,
          uniq_ilsuiw
Shoals:4: shoals_end_grunt_ice, layout_shoals, shoals_ilsuiw_ice,
          nicolae_shoals_secluded_bog
Spider:1: layout_cave_pods
Spider:2: layout_spider_delve, nicolae_spider_twisty_arc_passages
Spider:3: layout_spider_delve, uniq_louise
Spider:4: hellmonk_spider_rune_endless_swarm, nicolae_spider_bug_shape
Orc:1:    layout_caves, basic_altar
Orc:2:    grunt_orc_tribal_feast, layout_diamond_mine, gammafunk_ghost_grave,
          mines2_david, uniq_nessos
Elf:1:    minmay_elf_arrival_summoners, layout_geoelf_octagon, serial_shops,
          shop, hellmonk_ghost_happy_afterlife, orc_legates
Elf:2:    nicolae_elf_blades_splatter_lattice
          [nicolae_blade_entry_hurt_lockers], layout_geoelf_diagonals,
          serial_shops, shop, nrook_loot_triangle
Elf:3:    minmay_elf_hall_dome, layout_loops_ring,
          gammafunk_ghost_berserking_beasts, grunt_megastairs_4,
          minmay_shop_star

Skill      XL: |  1  2  3  4  5  6  7  8  9 10 11 12 13 14 15 16 17 |
---------------+----------------------------------------------------+-----
Air Magic      | 3 4 5 7 8 9 10 11 12 13 | 13.6
Conjurations   | 1 2 3 4 5 6 7 |  7.8
Spellcasting   | 2 3 4 5 6 8 10 11 12 | 12.7
Fighting       | 1 2 3 4 5 6 7 |  7.6
Dodging        | 3 4 5 6 7 9 |  9.0
Armour         | 2 3 4 5 6 |  6.0
Translocations | 2 4 5 6 |  6.0
Ice Magic      | 2 4 5 6 |  6.0
Transmutations | 2 3 4 7 9 11 12 | 12.3
Unarmed Combat | 2 4 7 10 12 | 12.4
Poison Magic   | 2 4 5 |  5.0
Hexes          | 2 3 |  3.0
Fire Magic     | 2 3 |  3.0
Evocations     | 4 6 |  6.0
Stealth        | |  1.7

Action                   |  1- 3 |  4- 6 |  7- 9 | 10-12 | 13-15 | 16-18 || total
-------------------------+-------+-------+-------+-------+-------+-------++-------
Melee: Unarmed           |     5 |       |       |       |       |    79 ||    84
       Whip              |     3 |     2 |     1 |       |       |       ||     6
       Dagger            |       |       |     6 |       |       |       ||     6
       Staff             |       |       |       |     8 |    15 |     4 ||    27
       Punch             |       |       |       |       |       |     7 ||     7
 Cast: Shock             |   107 |   150 |   108 |    33 |       |       ||   398
       Static Discharge  |       |     8 |    38 |    43 |    25 |    17 ||   131
       Airstrike         |       |       |    67 |   111 |    98 |   119 ||   395
       Blink             |       |       |     4 |       |       |       ||     4
       Freezing Cloud    |       |       |       |    89 |    40 |    21 ||   150
       Poisonous Vapours |       |       |       |    10 |   249 |   166 ||   425
       Ignite Poison     |       |       |       |     4 |   215 |   168 ||   387
       Irradiate         |       |       |       |     1 |     7 |       ||     8
       Swiftness         |       |       |       |     1 |       |       ||     1
       Inner Flame       |       |       |       |       |    17 |    16 ||    33
       Olgreb's Toxic Ra |       |       |       |       |    37 |    33 ||    70
       Storm Form        |       |       |       |       |       |     6 ||     6
  Use: Scroll            |     6 |     2 |     7 |    10 |     4 |    10 ||    39
Armor: Robe              |     5 |     4 |     4 |    26 |    28 |       ||    67
       Leather armour    |       |       |       |     1 |    13 |    25 ||    39
       Skin              |       |       |       |       |       |    33 ||    33
Dodge: Dodged            |     8 |    32 |    66 |    62 |   158 |   130 ||   456
